Cogmind - Beta 13 @@@ ROGUE MODE // 2024.06.28 @ 02:21:32 Player: harambe Result: Destroyed by G-47 Trooper with Particle Gun Performance ------------- Evolutions (2) 1000 Regions Visited (4) 800 Robots Destroyed (44) 220 Value Destroyed (1131) 1131 Prototype IDs (2) 40 Alien Tech Used (0) 0 Bonus (137) 137 TOTAL SCORE: 3328 Bonus ------- High Alert Combat Kills 137 Cogmind --------- Core Integrity 0/550 Matter 96/500 Energy 78/100 System Corruption 0% Temperature Cool (25) Movement Core (750) Ox14 Location -8/Materials Parts ------- > --- POWER (1) -------- (None) > --- PROPULSION (2) --- (None) > --- UTILITY (5) ------ High-capacity Storage Unit High-capacity Matter Pod Armor Integrity Analyzer Transmission Jammer > --- WEAPON (3) ------- (None) > --- INVENTORY (20) --- Large Storage Unit Large Storage Unit Improved EM Shotgun Small Laser Beam Rifle Light Assault Rifle High-powered Shotgun Mini Grenade Launcher Mini Grenade Launcher Improved Datajack Heavy Hammer Peak State ------------ > --- POWER ------------ Ion Engine > --- PROPULSION ------- Armored Wheel Armored Wheel > --- UTILITY ---------- Large Storage Unit High-capacity Matter Pod Sensor Array Terrain Scanner Armor Integrity Analyzer > --- WEAPON ----------- Heavy EM Shotgun High-powered Shotgun Mini Grenade Launcher > --- INVENTORY -------- Micro Nuclear Core Light Treads Large Storage Unit Transmission Jammer Improved EM Shotgun Small Laser Beam Rifle Beam Rifle Particle Gun Light Assault Rifle High-powered Shotgun Mini Grenade Launcher Mini Grenade Launcher Mini Grenade Launcher Heavy Hammer [Rating: 25] Favorites ----------- Power Ion Engine Engine Ion Engine Power Core Micro Nuclear Core Propulsion Armored Wheel Treads Light Treads Leg Aluminum Leg Wheel Armored Wheel Utility Large Storage Unit Device Sensor Array Storage Large Storage Unit Processor Armor Integrity Analyzer Weapon Small Laser Energy Gun Small Laser Ballistic Gun Light Assault Rifle Launcher Mini Grenade Launcher Build | -11 -10 -10 -9 -8 ------- Run | Yrd Mat Min Mat Mat Slots Evolved 4 | . . . 2 2 Power . | . . . . . Propulsion . | . . . . . Utility 3 | . . . 1 2 Weapon 1 | . . . 1 . Parts Attached 57 | 9 7 1 23 17 Power 8 | 1 . . 3 4 Engine 7 | 1 . . 3 3 Core 1 | . . . . 1 Reactor . | . . . . . Propulsion 13 | 5 2 . 4 2 Treads 4 | 2 . . . 2 Leg 2 | 2 . . . . Wheel 7 | 1 2 . 4 . Hover . | . . . . . Flight . | . . . . . Utility 10 | 1 2 . 2 5 Device 3 | . 1 . . 2 Storage 6 | 1 1 . 2 2 Processor 1 | . . . . 1 Hackware . | . . . . . Protection . | . . . . . Artifact . | . . . . . Weapon 26 | 2 3 1 14 6 Energy Gun 17 | 1 2 . 9 5 Energy Cannon . | . . . . . Ballistic Gun 5 | 1 . 1 3 . Ballistic Cannon . | . . . . . Launcher 4 | . 1 . 2 1 Special Weapon . | . . . . . Impact Weapon . | . . . . . Slashing Weapon . | . . . . . Piercing Weapon . | . . . . . Special Melee Weapon . | . . . . . Unidentified Prototypes 2 | . 1 . . 1 Parts Lost 16 | . . . 2 14 Power 4 | . . . 1 3 Propulsion 4 | . . . . 4 Utility 2 | . . . . 2 Weapon 6 | . . . 1 5 Highest Loss Streak 14 | . . . 1 14 To Critical Strikes . | . . . . . Average Slot Usage (%) 93 | . 91 100 95 89 Engine 10 | . 14 14 8 6 Leg 3 | . 20 . . . Wheel 18 | . 7 28 22 13 Device 10 | . 6 14 11 13 Storage 18 | . 14 14 20 18 Processor 1 | . . . . 8 Energy Gun 9 | . 14 7 9 7 Ballistic Gun 8 | . . 6 11 8 Launcher 11 | . 13 14 10 9 Naked Turns . | . . . . . Heaviest Build 62 | 12 30 30 39 62 Greatest Support 40 | 40 24 24 24 40 Greatest Overweight (x) 17 | . 1 1 1 17 Average Overweight (x) 1 | . . 1 1 1 Largest Inventory Capacity 20 | 8 15 15 15 20 Average Capacity 14 | 7 14 15 15 18 Most Carried 18 | 6 15 15 15 18 Average Carried 12 | 3 9 14 14 14 Final Capacity 20 | 8 15 15 15 20 Final Carried 15 | 4 15 15 15 11 Class Distribution -------------------- 52% | Skirmisher 47% | Mutant Dominant Class ---------------- Mutant | -10/Materials Mutant | -10/Mines Skirmisher | -9/Materials Skirmisher | -8/Materials Resources | -11 -10 -10 -9 -8 ----------- Run | Yrd Mat Min Mat Mat Matter Collected 1104 | 201 80 249 548 26 Remotely . | . . . . . Salvage Created 912 | . 80 61 546 225 Parts 69 | . 2 6 44 17 Haulers Intercepted . | . . . . . Recyclers Shooed . | . . . . . Parts Field Recycled . | . . . . . Retrieved Matter . | . . . . . Parts Self-Destructed . | . . . . . Prevented . | . . . . . Kills | -11 -10 -10 -9 -8 ------- Run | Yrd Mat Min Mat Mat Combat Hostiles Destroyed 31 | . . 3 19 9 Guns 14 | . . 3 8 3 AOE 17 | . . . 11 6 Classes Destroyed 10 | . 1 2 5 2 Worker 3 | . . . 2 1 Builder 3 | . . . . 3 Tunneler 1 | . . 1 . . Recycler 1 | . 1 . . . Operator 2 | . . . 1 1 Watcher 3 | . . . 3 . Swarmer 12 | . . 3 6 3 Grunt 11 | . . . 8 3 Sentry 7 | . . . 5 2 Specialist 1 | . . . . 1 Best Kill Streak 7 | . 1 2 5 7 Combat Bots Only 6 | . . 2 4 6 Max Kills in Single Turn 3 | . 1 1 3 3 Gunslinging . | . . . . . Exploded 3 | . . . 3 2 Melee . | . . . . . Uniques/NPCs Destroyed . | . . . . . Combat | -11 -10 -10 -9 -8 -------- Run | Yrd Mat Min Mat Mat Hostile Shots Fired 188 | . . 13 71 104 Missed 55 | . . 3 21 31 Damage Taken 2585 | . . 101 867 1617 Core 747 | . . 22 171 554 Absorbed by Shields . | . . . . . Regen/Repaired (Parts) 52 | . . . 52 . Core Remaining (%) 82 | 100 . 91 57 . Volleys Fired 79 | . 2 10 45 22 Largest 3 | . 2 1 3 3 Hottest 120 | . 70 40 106 120 Shots Fired 164 | . 3 10 107 44 Gun 120 | . 2 10 80 28 Cannon . | . . . . . Launcher 44 | . 1 . 27 16 Special . | . . . . . Kinetic 58 | . . . 47 11 Thermal 53 | . 2 10 25 16 Explosive 44 | . 1 . 27 16 Electromagnetic 9 | . . . 8 1 Robot Hit Streak 13 | . 1 2 13 5 Robot Miss Streak 5 | . . 2 4 5 Penetration Max . | . . . . . Secondary Targets 2 | . . . 2 . Max Gunslinging Chain 1 | . . . 1 . Shots Hit Robots 89 | . 1 5 58 25 Core Hits 95 | . 2 4 47 42 Critical Kills . | . . . . . Critical Parts Destroyed . | . . . . . Critical Strikes 2 | . . . . 2 Burn 2 | . . . . 2 Melee Attacks . | . . . . . Impact . | . . . . . Slashing . | . . . . . Piercing . | . . . . . Sneak Attacks . | . . . . . Combat Hostiles . | . . . . . Follow-up Attacks . | . . . . . Damage Inflicted 3287 | . 33 80 1608 1566 Guns 944 | . 10 64 510 360 Cannons . | . . . . . Explosions 2327 | . 23 . 1098 1206 Melee . | . . . . . Ramming 16 | . . 16 . . Kinetic 440 | . . . 220 220 Thermal 408 | . 10 64 216 118 Explosive 2290 | . 23 . 1061 1206 Electromagnetic 133 | . . . 111 22 Impact . | . . . . . Slashing . | . . . . . Piercing . | . . . . . Highest Corruption . | . . . . . Average Corruption . | . . . . . Corruption Purged . | . . . . . Corruption Blocked . | . . . . . Overload Shots . | . . . . . Overflow Damage 19 | . . . 11 8 Projectiles . | . . . . . Explosions 19 | . . . 11 8 Melee . | . . . . . Knockbacks . | . . . . . Impact . | . . . . . Kinetic . | . . . . . Secondary . | . . . . . Self-Inflicted Damage 403 | . . 8 241 154 Shots 14 | . . . 8 6 Rammed 1 | . . 1 . . Targets Rammed 1 | . . 1 . . Kicked . | . . . . . Crushed . | . . . . . Highest Temperature 224 | . 9 . 224 168 Average Temperature 56 | . 7 . 59 52 Received Heat Transfer 666 | . . . 261 405 Siege Activations . | . . . . . Robots Corrupted . | . . . . . Combat Hostiles . | . . . . . Parts Fried . | . . . . . Impact Corruptions . | . . . . . Robots Melted . | . . . . . Combat Hostiles . | . . . . . Parts Melted 1 | . . . 1 . Heat Transferred 1106 | . 25 150 487 444 Parts Sabotaged . | . . . . . Parts Stolen . | . . . . . Parts Stripped . | . . . . . Power Chain Reactions 1 | . . . 1 . Alert | -11 -10 -10 -9 -8 ------- Run | Yrd Mat Min Mat Mat Peak Influence 643 | . 58 142 643 530 Initial 271 | . . 22 55 271 Average 211 | . 21 108 292 366 Maximum Alert Level 2 | . . . 2 2 Low Security (%) 54 | 100 100 100 36 . Level 1 23 | . . . 30 56 Level 2 22 | . . . 32 43 Level 3 . | . . . . . Level 4 . | . . . . . Level 5 . | . . . . . High Security . | . . . . . Max Security . | . . . . . Squads Dispatched 6 | . 3 . . 3 Investigation . | . . . . . Extermination . | . . . . . Reinforcement 6 | . 3 . . 3 Assault . | . . . . . Garrison . | . . . . . Intercept . | . . . . . Searches Triggered . | . . . . . Construction Impeded 1 | . . . . 1 Haulers Reinforced . | . . . . . Active Scanning Responses . | . . . . . Cargo Convoy Interrupts . | . . . . . Stealth | -11 -10 -10 -9 -8 --------- Run | Yrd Mat Min Mat Mat Distress Signals 2 | . . . . 2 Communications Jammed . | . . . . . Distress Signals . | . . . . . Times Spotted 48 | . 2 4 24 18 Peak Tracking Total 8 | . 2 3 4 8 Tactical Retreats 1 | . . 1 . . Traps | -11 -10 -10 -9 -8 ------- Run | Yrd Mat Min Mat Mat Traps Triggered . | . . . . . Indirectly . | . . . . . Trap Hack Attempts . | . . . . . Triggered . | . . . . . Disarmed . | . . . . . Reprogrammed . | . . . . . Reused . | . . . . . Traps Extracted . | . . . . . Installed . | . . . . . Triggered . | . . . . . Machines | -11 -10 -10 -9 -8 ---------- Run | Yrd Mat Min Mat Mat Machines Disabled 6 | . . . 3 3 Max in Single Turn 2 | . . . 1 2 Machines Repaired . | . . . . . Machines Dismantled . | . . . . . Machines Sabotaged . | . . . . . Overloaded Fab Kills . | . . . . . Hacking | -11 -10 -10 -9 -8 --------- Run | Yrd Mat Min Mat Mat Machines Accessed 7 | . 1 . 4 2 Terminals 6 | . 1 . 3 2 Fabricators . | . . . . . Repair Stations 1 | . . . 1 . Recycling Units . | . . . . . Scanalyzers . | . . . . . Garrison Access . | . . . . . Total Hacks 17 | . 2 . 12 3 Successful 13 | . 2 . 10 1 Failed 4 | . . . 2 2 Catastrophic . | . . . . . Database Lockouts . | . . . . . Manual . | . . . . . Terminals 12 | . 2 . 7 3 Fabricators . | . . . . . Repair Stations 5 | . . . 5 . Recycling Units . | . . . . . Scanalyzers . | . . . . . Garrison Access . | . . . . . Terminal Hacks 9 | . 2 . 6 1 Record 8 | . 1 . 6 1 Locate Traps 1 | . 1 . . . Fabricator Hacks . | . . . . . Repair Station Hacks 4 | . . . 4 . Scan Component 2 | . . . 2 . Repair 2 | . . . 2 . Recycling Unit Hacks . | . . . . . Scanalyzer . | . . . . . Garrison Access Hacks . | . . . . . Unauthorized Hacks . | . . . . . Terminals . | . . . . . Fabricators . | . . . . . Repair Stations . | . . . . . Recycling Units . | . . . . . Scanalyzers . | . . . . . Garrison Access . | . . . . . Data Cores Recovered 2 | . . . 1 1 Used . | . . . . . Hacking Detections 5 | . 1 . 3 1 Full Trace Events . | . . . . . Feedback Events . | . . . . . Feedback Blocked . | . . . . . Robot Schematics Acquired . | . . . . . Robots Built . | . . . . . Authchips . | . . . . . Time . | . . . . . Total Robot Build Rating . | . . . . . Part Schematics Acquired . | . . . . . Parts Built . | . . . . . Authchips . | . . . . . Time . | . . . . . Total Part Build Rating . | . . . . . Parts Repaired 2 | . . . 2 . Time 52 | . . . 52 . Parts Recycled . | . . . . . Recycled Matter . | . . . . . Retrieved Matter . | . . . . . Retrieved Components . | . . . . . Parts Scanalyzed . | . . . . . Part Schematics Acquired . | . . . . . Parts Damaged . | . . . . . Bothacking | -11 -10 -10 -9 -8 ------------ Run | Yrd Mat Min Mat Mat Used RIF Installer . | . . . . . Robots Hacked . | . . . . . Non-combat . | . . . . . Combat . | . . . . . Robot Hacks Applied . | . . . . . Relay Couplers Released . | . . . . . Fabnet Peak Effective % . | . . . . . Robots Rewired . | . . . . . Allies Hacked . | . . . . . Hacks Repelled . | . . . . . Allies | -11 -10 -10 -9 -8 -------- Run | Yrd Mat Min Mat Mat Total Allies . | . . . . . Largest Group . | . . . . . Highest-Rated Group . | . . . . . Highest-Rated Ally . | . . . . . Total Orders . | . . . . . Ally Attacks . | . . . . . Total Damage . | . . . . . Kills . | . . . . . Allies Corrupted . | . . . . . Allies Melted . | . . . . . Intel | -11 -10 -10 -9 -8 ------- Run | Yrd Mat Min Mat Mat Robot Analysis Total . | . . . . . Derelict Logs Recovered 1 | . . 1 . . Drone Launches . | . . . . . Drone Recoveries . | . . . . . Exploration | -11 -10 -10 -9 -8 ------------- Run | Yrd Mat Min Mat Mat Turns Passed 1494 | 111 274 179 670 260 Spaces Moved 898 | 74 157 139 400 128 Core 10 | 8 . . . 2 Treads 27 | 18 . . . 9 Legs 141 | 44 97 . . . Wheels 720 | 4 60 139 400 117 Hover . | . . . . . Flight . | . . . . . Fastest Speed 50 | 50 105 105 105 105 Average Speed 118 | 120 152 105 105 135 Slowest Speed 900 | 160 190 105 105 900 Overloaded Moves . | . . . . . Propulsion Burnouts . | . . . . . Robots Hopped . | . . . . . Cave-ins Triggered . | . . . . . Exploration Rate (%) 27 | 6 33 42 40 18 Regions Visited 4 Branch Regions 1 Pre-discovered Areas 1 | . . 1 . . Known Exits Taken . | . . . . . Unknown Exits Taken 4 | 1 1 1 1 . Scrap Searched . | . . . . . Spaces Dug . | . . . . . Terrain Destroyed 287 | . 8 . 210 69 Melee . | . . . . . Projectile . | . . . . . AOE 287 | . 8 . 210 69 Terrain Rammed . | . . . . . Walls Destroyed . | . . . . . Machines Disabled . | . . . . . Actions | -11 -10 -10 -9 -8 --------- Run | Yrd Mat Min Mat Mat Total 1212 | 96 187 165 579 185 Wait 75 | . . 9 62 4 Move 894 | 73 156 138 399 128 Hop . | . . . . . Pick Up 69 | 12 17 3 27 10 Fast Attach . | . . . . . Attach 26 | 7 1 . 8 10 Detach 1 | . . . 1 . Swap 31 | 2 6 1 15 7 Drop 36 | 2 5 3 22 4 Fire 79 | . 2 10 45 22 Melee . | . . . . . Ram 1 | . . 1 . . Kick . | . . . . . Crush . | . . . . . Escape Stasis . | . . . . . Rewire . | . . . . . Trap . | . . . . . Miscellaneous . | . . . . . Route ------- -11/Scrapyard -10/Materials -10/Mines -9/Materials -8/Materials History --------- Turn | Location | Event 13 | -11/Scrapyard | Discovered new exit (range 14) 112 | -11/Scrapyard | Entered Materials 338 | -10/Materials | Build established: Mutant 355 | -10/Materials | Discovered new exit (range 14) 386 | -10/Materials | Entered Mines 528 | -10/Mines | Found a hidden stash of uninstalled traps 541 | -10/Mines | Learned location of Zion (-7) 550 | -10/Mines | Discovered new exit (range 4) 565 | -10/Mines | Entered Materials 565 | -9/Materials | Evolved 2 slots: Utility x1, Weapon x1 609 | -9/Materials | Repaired Grenade Launcher 640 | -9/Materials | Repaired Ion Engine 1202 | -9/Materials | Build established: Skirmisher 1208 | -9/Materials | Discovered new exit (range 13) 1235 | -9/Materials | Entered another Materials area 1235 | -8/Materials | Evolved 2 slots: Utility x2 1483 | -8/Materials | Core integrity fell below 50% 1492 | -8/Materials | Core integrity fell below 20% 1495 | -8/Materials | Destroyed by G-47 Trooper with Particle Gun Last Messages --------------- 01471_ Critical hit (Burn: +37). 01472_ K-01 Serf collects debris. 01478_ Particle Gun destroyed. 01478_ Penetrated by Slug. 01479_ K-01 Serf collects debris. 01480_ Y-45 Defender destroyed. 01481_ Penetrated by Slug. 01483_ K-01 Serf collects debris. 01487_ Hvy. EM Shotgun destroyed. 01487_ Mic. Nuclear Core destroyed. 01487_ K-01 Serf collects debris. 01488_ Y-45 Defender destroyed. 01490_ K-01 Serf collects debris. 01491_ Critical hit (Burn: +37). 01492_ Penetrated by Slug. 01492_ K-01 Serf destroyed. 01492_ Electrolysis Chamber disabled. 01493_ Mni. Grenade Launcher destroyed. 01495_ The unstable cave ceiling collapses. 01495_ Slug penetrates Earth. Map ----- +----------------------------------------------------+ | ?????????????????????????????????????????????????? | | ?????????????????????????????????????????????????? | | ?????????????????????????????????????????????????? | | ?????????????????????????????????????????????????? | | ?????????????????????????????????????????????????? | | ?????????????????????????????????????????????????? | | ?????????????????????????????????????????????????? | | ?????????????????????????????????????????????????? | | ?????????????????????????????????????????????????? | | ?????????????????????????????????????????????????? | | ?????????????????????????????????????????????????? | | ?????????????????????????????????????????????????? | | ?????????????????????????##??????????????????????? | | ????????????????????????? ??????????????????????? | | ????????????????????????? ??????????????????????? | | ????????????????????????? ??????????????????????? | | ????????????????????????? ??????????????????????? | | ????????????????????????? ??????????????????????? | | ????????????????????????# ??""??????????????????? | | ????????????????????????# ??""??????????????????? | | ????????????????????????# ?? ??????????????????? | | ????????????????????????#+###+##?????????????????? | | ???????????????????????? #?????????????????? | | ??????????????????????### #?????????????????? | | ??????????????????????# ;%% ##????????????????? | | ?????????????????????## ;@ ##???????????????? | | ??????????????????????# #???????????????? | | ??????????????????????# #????????? | | ????????#######??###### =a """ #????????? | | ????# #??# H """ ?????????? | | ????# """ #?## %%% x """ ??????????? | | ????# """"" #??# "" % ??????????? | | ??#?# """"" #??# """% " ??????????? | | ????# """"" #??# """" # """ #????????? | | ????# """ #??# %""" """ #????????? | | ##### #??# % ggg #????????? | | #"""# #?## = g #########????????? | | #"T"#####+################# !!# #???????????????? | | %*%# #???????????????? | | % =# #??????????????? | | !%= # #??????????????? | | #########+################## ####??????????????? | | ?????# !########??#### ##????????????????? | | ??#??# ##???????????# #?????????????????? | | ???#?# " #???????????# #?????????????????? | | ????## ##????#??? ? # #?????????????????? | | ?????# ##???#???????+ #?????????????????? | | ?????# #????????? ??# #?????????????????? | | ????## """ #????????????# #?????????????????? | | ?????# """ #????????????# #?????????????????? | +----------------------------------------------------+ Best States ------------- Heat Dissipation 31 Energy Generation 15 Energy Capacity 275 Matter Stores 494 Matter Capacity 500 Sight Range 16 Robot Scan Range 14 Terrain Scan Range 14 Terrain Scan Density 10 Evasion (%) 55 Armor Integrity Analysis 30 Recoil Reduction 2 Item Schematics ----------------- None Robot Schematics ------------------ None Fabricated ------------ Nothing Alien Tech Used ----------------- None Achievements -------------- Part-time Mechanic Challenges ------------ None Game ------ Seed ScanBiocellClaymores Manual? 0 Play Time 00:46:40 Cumulative 4.7 hours Start 2024.06.28 @ 01:25:53 End 2024.06.28 @ 02:21:32 Sessions 1 Manual Loads 0 Difficulty Rogue Special Mode None Game No. 3 Rogue 3 Adventurer 0 Explorer 0 Win Type - Total 0 Types 0/0/0/0/0/0/0/0/0 Lore% 1 Gallery% 8 Achievement% 7 Wizard Run 0 Options --------- Layout 1 ASCII 0 Keyboard 0 Movement Mouse Keybinds 0 Fullscreen 1 Font 24/X11 Map View 50x35 Zoom Use 0% Tactical HUD 1 Map Filters NONE Filters NONE Steam 1 RUN: 83cdcd82-0f33-4ef1-bb05-97f339e4d5d9